 Dungeon Crawl Stone Soup version 0.16-a0-2145-g6af420d (webtiles) character file.

27 smajdalf the Ruffian (level 3, 0/27 (29) HPs)
             Began as a Ghoul Warper on Nov 13, 2014.
             Slain by a bat (1 damage)
             ... on level 1 of the Dungeon.
             The game lasted 00:04:15 (1715 turns).

smajdalf the Ruffian (Ghoul Warper)                 Turns: 1715, Time: 00:04:16

HP:   0/27 (29)     AC:  3    Str: 14    XL:     3   Next: 10%
MP:   5/5           EV: 10    Int:  9    God:
Gold: 98            SH:  0    Dex:  8    Spells: 1 memorised, 4 levels left

rFire  . . .     SeeInvis .       - Unarmed
rCold  + . .     Clarity  .     b - +0 leather armour
rNeg   + + +     SustAb   .     (no shield)
rPois  +         Gourm    .     (no helmet)
rElec  .         Spirit   .     (no cloak)
rCorr  .         Warding  .     (no gloves)
rMut   .         Stasis   .     (no boots)
MR     .....                    (no amulet)
Stlth  +.........               (no ring)
                                (no ring)

@: rotting, not resistant to hostile enchantments, very unstealthy
A: rotting body, claws 1, carnivore 3, cold resistance 1, negative energy
resistance 3, poison resistance, slow healing 1, torment resistance, unbreathing
a: no special abilities


You were on level 1 of the Dungeon.
You were not hungry.

You visited 1 branch of the dungeon, and saw 2 of its levels.

You collected 98 gold pieces.

Inventory:

Missiles
 e - 5 tomahawks of dispersal (quivered)
Armour
 b - a +0 leather armour (worn)
Scrolls
 a - 2 scrolls of identify {unknown}
 d - a scroll of blinking
 f - a scroll of amnesia {unknown}
 g - a scroll of recharging {unknown}
Potions
 h - a potion of agility {unknown}
 i - a potion of curing {unknown}
Books
 c - a book of Spatial Translocations

   Spells                             Type                      Level
   *Apportation                       Translocation                1
   Blink                              Translocation                2
   Shroud of Golubria                 Charms/Translocation         2
   Portal Projectile                  Translocation                3
   Teleport Other                     Translocation                3
   Passage of Golubria                Translocation                4
Comestibles
 j - 2 meat rations


   Skills:
 - Level 2.1 Fighting
 - Level 0.8 Throwing
 - Level 0.8 Armour
 - Level 1.7 Dodging
 + Level 3.8 Unarmed Combat
 - Level 1.7 Spellcasting
 - Level 2.6 Translocations


You had 4 spell levels left.
You knew the following spells:

 Your Spells              Type           Power        Failure   Level  Hunger
a - Apportation           Tloc           #.........   12%         1    ##.....


Dungeon Overview and Level Annotations

Branches:
Dungeon (2/15)

Altars:
Fedhas


Innate Abilities, Weirdness & Mutations

Your body is rotting away.
You thrive on raw meat.
You have sharp fingernails.
You are carnivorous and can eat meat at any time.
Your flesh is cold resistant.
You are immune to negative energy.
Your system is resistant to poisons.
You heal slowly when monsters are visible.
You are immune to unholy pain and torment.
You can survive without breathing.


Message History

You scratch the bat but do no damage. The bat barely misses you.
The rat bites you.
* * * LOW HITPOINT WARNING * * *
You scratch the rat.
The rat begins to bleed from its wounds!
The rat is moderately wounded.
The bat completely misses you. The rat barely misses you.
You closely miss the rat.
The rat is moderately wounded.
The bat closely misses you. The rat closely misses you.
You barely miss the rat.
The rat is moderately wounded.
The bat closely misses you. The bat hits you.
* * * LOW HITPOINT WARNING * * *
The rat bites you.
* * * LOW HITPOINT WARNING * * *
You closely miss the rat.
The rat is moderately wounded.
The bat hits you.
You die...

#....##.##.###..##...........
#...............)............
#....##.##......##.####.#####
####.##............# #.#
#.########......# #.# #.#
##..#### #.# #.# #..# #.#
#.#########..# #.#
#.......r@b..# #.#
############)# #.# #.# #.#
#.# #.# #.# #.# #.# #.#
#.#######.# #.........#
###########


You could see a bat and a rat (bleeding).

Vanquished Creatures
  A giant mite (D:2)
  2 giant geckos (D:1)
  4 bats (D:1)
  2 giant cockroaches (D:1)
  2 goblins (D:1)
  2 hobgoblins (D:1)
  4 kobolds (D:1)
  2 rats (D:1)
19 creatures vanquished.

Notes
Turn   | Place    | Note
--------------------------------------------------------------
     0 | D:1      | smajdalf, the Ghoul Warper, began the quest for the Orb.
     0 | D:1      | Reached XP level 1. HP: 17/17 MP: 2/2
   146 | D:1      | Reached XP level 2. HP: 21/24 MP: 3/3
   171 | D:1      | Reached skill level 3 in Unarmed Combat
  1683 | D:2      | Found a blossoming altar of Fedhas.
  1687 | D:2      | Reached XP level 3. HP: 20/27 MP: 5/5
  1714 | D:1      | HP: 1/27 [rat (2)]
  1715 | D:1      | Slain by a bat

Action                   || total
-------------------------++-------
Melee: Unarmed           ||   100
  Eat: Chunk             ||     7
